 Dungeon Crawl Stone Soup version 0.31-a0-618-g7ca08c1ff9 (webtiles) character file.

Game seed: 12429937718743474208

35 spiderkeys the Insei (level 3, -3/24 HPs)
             Began as an Octopode Shapeshifter on Aug 22, 2023.
             Slain by a gnoll
             ... wielding a +0 club
              (5 damage)
             ... on level 2 of the Dungeon.
             The game lasted 00:00:59 (565 turns).

spiderkeys the Insei (Octopode Shapeshifter)         Turns: 565, Time: 00:00:59

Health: -3/24      AC:  1    Str: 14    XL:     3   Next: 33%
Magic:  3/3        EV: 13    Int: 10    God:
Gold:   79         SH:  0    Dex: 14    Spells: 2/2 levels left

rFire   . .          .
                       - Unarmed
rCold   . . .        (no shield)
rNeg    . . .        (helmet currently unavailable)
rPois   .            (no amulet)
rElec   .            (no ring)
rCorr   .            (no ring)
SInv    .            (no ring)
Will    .....        (no ring)
Stlth   ++           (no ring)
HPRegen 0.24/turn    (no ring)
MPRegen 0.08/turn    (no ring)
                     (no ring)

%: no passive effects
@: beast-form
A: beast (slay +1), almost no armour, amphibious, 8 rings, camouflage 1,
gelatinous body 1, (nimble swimmer 1), tentacles
a: Begin Untransformation


You were on level 2 of the Dungeon.
You were a hulking beast.
You visited 1 branch of the dungeon, and saw 2 of its levels.

You collected 79 gold pieces.


Innate Abilities, Weirdness & Mutations

You are a hulking beast.
Your limbs bulge with bestial killing power. (Slay +1)
You cannot wear most types of armour.
You are amphibious.
You can wear up to eight rings at the same time.
Your skin changes colour to match your surroundings (Stealth+).
Your rubbery body absorbs attacks. (AC +1, EV +1)
((You are camouflaged when in or above water. (Stealth+)))
You have tentacles for arms and can constrict up to eight enemies at once.


   Skills:
 + Level 1.8 Fighting
 + Level 2.4 Dodging
 + Level 3.3 Unarmed Combat
 + Level 3.3 Shapeshifting


You had 2 spell levels left.
You didn't know any spells.
Your spell library was empty.

Inventory:

Missiles
 d - 24 stones
 i - 3 javelins
Jewellery
 l - an amulet of magic regeneration
   (You found it on level 2 of the Dungeon)
Talismans
 b - a beast talisman (active)
 c - a flux talisman
Scrolls
 f - 2 scrolls of identify {unknown}
 g - a scroll of blinking {unknown}
 j - a scroll of noise {unknown}
 k - a scroll of teleportation {unknown}
 m - a scroll of torment {unknown}
 n - a scroll of enchant armour {unknown}
Potions
 a - 4 potions of lignification {!q}
 e - a potion of attraction {unknown}
 h - a potion of haste {unknown}
 o - a potion of brilliance {unknown}

Dungeon Overview and Level Annotations

Branches:
Dungeon (2/15) Zot: 11436

Altars:

Shops:
D:2

? ######### . ..$......
.. #........ ....
#........ . .. ###
#........ .. ...##
#........ .##).####...#
#.)......
..........#.####hgS.....
.................g..#.##
.#....##....$...##[...#
.....[.............J....
.............<.....##..#
.....<......).....## ..
..................# #
..#.###:.........##
#...####.........#


You could see 2 gnolls, an endoplasm and a ball python.


Message History

😕 HP[+1]
An endoplasm is nearby!
An endoplasm is nearby!
An endoplasm is nearby!
The endoplasm quivers. 😎 HP[+1]
Your hp is fully restored (24).
You tentacle-slap the endoplasm. The endoplasm barely misses you.
You tentacle-slap the endoplasm.
You kill the endoplasm!
No target in view!
No target in view!
n - a scroll labelled SAX ZIAGUTT You now have 71 gold pieces (gained 9).
An endoplasm comes into view.
An endoplasm is nearby!
An endoplasm is nearby!
The helpless endoplasm fails to defend itself.
You bludgeon the endoplasm!
You kill the endoplasm!
No target in view!
No target in view!
You now have 79 gold pieces (gained 8).
Things that are here:
a +0 club; a goblin corpse
d - 24 stones (gained 3) Key pressed, stopping explore.
A ball python comes into view.
A ball python is nearby!
A ball python is nearby!
Found a stone staircase leading up.
The helpless ball python fails to defend itself.
You tentacle-slap the ball python. You grab the ball python.
You constrict the ball python.
You kill the ball python!
No target in view!
There is a stone staircase leading up here.
Found a stone staircase leading up.
A goblin comes into view. It is wielding a +0 club.
A goblin is nearby!
A goblin is nearby!
The goblin barely misses you.
You tentacle-slap the goblin. You grab the goblin. You constrict the goblin.
The goblin closely misses you.
You tentacle-slap the goblin.
You kill the goblin!
A kobold comes into view. It is wielding a +0 short sword.
A kobold is nearby!
A kobold is nearby!
A kobold is nearby!
Found a black potion.
Found a stone staircase leading up.
The helpless kobold fails to defend itself.
You tentacle-slap the kobold. You grab the kobold. You squeeze the kobold.
You kill the kobold!
No target in view!
You see here a +0 short sword.
o - a black potion A gnoll comes into view.
It is wielding a +0 spear.
A gnoll is nearby!
A gnoll is nearby!
A gnoll comes into view. It is wielding a +0 whip.
The gnoll shouts! x2; You hear a shout!
A ball python and a gnoll come into view.
A kobold comes into view. It is wielding a +0 whip.
The gnoll completely misses you.
An endoplasm comes into view.
The gnoll hits you with a +0 spear. 😕 HP[-2]
You take 2 damage, and now have 22/24 hp.
The ball python hisses angrily.
The endoplasm quivers.
You bludgeon the gnoll! You grab the gnoll. You constrict the gnoll.
The gnoll hits you with a +0 whip.
The gnoll struggles to escape constriction. 😕 HP[-3]
You take 3 damage, and now have 19/24 hp.
You tentacle-slap the gnoll. You grab the gnoll. You constrict the gnoll.
You constrict the gnoll, but do no damage.
The gnoll barely misses you. The gnoll hits you with a +0 spear!
* * * LOW HITPOINT WARNING * * *
😨 HP[-9]
You take 9 damage, and now have 10/24 hp.
MASSIVE DAMAGE!! (PAUSE)
You tentacle-slap the kobold.
You kill the kobold!
You constrict the gnoll. x2; The gnoll completely misses you.
The gnoll hits you with a +0 whip!
* * * LOW HITPOINT WARNING * * *
😱 HP[-7]
You take 7 damage, and now have 3/24 hp.
MASSIVE DAMAGE!! (PAUSE)
You tentacle-slap the gnoll. You grab the gnoll.
You squeeze the gnoll, but do no damage.
You constrict the gnoll. x2
You kill the gnoll!
You constrict the gnoll, but do no damage.
The gnoll hits you with a +0 whip.
* * * LOW HITPOINT WARNING * * *
The gnoll hits you with a +0 club.
You die...

Action                     || total
---------------------------++-------
  Melee: Unarmed           ||    47
         Constrict         ||    16
         Tentacles         ||     5
         Punch             ||     1
   Stab: Sleeping          ||     9
  Dodge: Dodged            ||    28

Levels and vault maps discovered:
D:1:      saegor_arrival_simple_c, layout_loops_cross, glass_columns_c,
          minmay_pentomino_w2
D:2:      layout_rooms, serial_shops, shop

Notes
Turn   | Place    | Note
-------+----------+-------------------------------------------
     0 | D:1      | spiderkeys the Octopode Shapeshifter began the quest for
                  | the Orb.
     0 | D:1      | Reached XP level 1. HP: 13/13 MP: 1/1
     0 | D:1      | magus.rc [v1.11.6]
   166 | D:1      | Reached XP level 2. HP: 18/18 MP: 2/2
   331 | D:1      | You fall into a shaft and drop 1 floor!
   364 | D:2      | Found Plog's Magic Scroll Boutique.
   454 | D:2      | Reached XP level 3. HP: 20/23 MP: 3/3
   564 | D:2      | HP: 3/24 [gnoll/+0 whip (7)]
   565 | D:2      | Slain by a gnoll

Vanquished Creatures
  A gnoll (D:2)
  A worm (D:2)
  A dart slug (D:1)
  A ball python (D:2)
  5 bats
  4 endoplasms (D:2)
  2 giant cockroaches
  4 goblins
  A hobgoblin (D:1)
  2 quokkas
  3 kobolds
25 creatures vanquished.

Table legend:
 A = Non-vault XP
 B = Vault XP
 C = Vault XP percentage of total XP
 D = Non-vault monster count
 E = Vault monster count
 F = Vault count percentage of total count
                 A         B        C        D         E       F
            +---------+---------+-------+---------+---------+-------
      Total |      63 |       2 |   3.1 |      24 |       1 |   4.0
            +---------+---------+-------+---------+---------+-------
        D:1 |      18 |       2 |  10.0 |       9 |       1 |  10.0
        D:2 |      45 |       0 |   0.0 |      15 |       0 |   0.0
            +---------+---------+-------+---------+---------+-------

Action                     || total
---------------------------++-------
  Melee: Unarmed           ||    47
         Constrict         ||    16
         Tentacles         ||     5
         Punch             ||     1
   Stab: Sleeping          ||     9
  Dodge: Dodged            ||    28

Illustrated notes

Table legend:
 A = Kills in this place as a percentage of kills in the entire game.
 B = Kills by you in this place as a percentage of kills by you in the entire game.
 C = Kills by friends in this place as a percentage of kills by friends in the entire game.
 D = Other kills in this place as a percentage of other kills in the entire game.
 E = Experience gained in this place as a percentage of experience gained in the entire game.
 F = Experience gained in this place divided by the number of levels of this place that you have seen.
                   A       B       C       D       E      F
               +-------+-------+-------+-------+-------+----------------------
         Total | 100.0 | 100.0 |   N/A |   N/A | 100.0 |  32.5
       Dungeon | 100.0 | 100.0 |   N/A |   N/A | 100.0 |  32.5
               +-------+-------+-------+-------+-------+----------------------

Table legend: (Time is in decaauts)
 A = Elapsed time spent in this place.
 B = Non-inter-level travel time spent in this place.
 C = Inter-level travel time spent in this place.
 D = Time resting spent in this place.
 E = Time spent auto-exploring this place.
 F = Levels seen in this place.
 G = Mean time per level.
                   A        B        C        D        E       F      G
               +--------+--------+--------+--------+--------+-----+--------+
         Total |    562 |    562 |      0 |      4 |    399 |   2 |  281.0 |
       Dungeon |    562 |    562 |      0 |      4 |    399 |   2 |  281.0 |
               +--------+--------+--------+--------+--------+-----+--------+

Top non-repeatable levels by time:
     D:1: 329 daAuts
     D:2: 232 daAuts
